 Dungeon Crawl Stone Soup version 0.29-a0-557-g43b9904bd1 (webtiles) character file.

Game seed: 14650591816538433898

476 Hubjo the Skirmisher (level 6, -7/48 HPs)
             Began as a Demonspawn Transmuter on June 8, 2022.
             Was a Believer of Makhleb.
             Splashed by a jelly's acid (11 damage)
             ... on level 4 of the Dungeon.
             The game lasted 00:05:53 (4085 turns).

Hubjo the Skirmisher (Demonspawn Transmuter)        Turns: 4085, Time: 00:05:55

Health: -7/48      AC: -8    Str: 10    XL:     6   Next: 84%
Magic:  8/10       EV: 12    Int: 14    God:    Makhleb [**....]
Gold:   206        SH:  0    Dex: 18    Spells: 10/11 levels left

rFire   + . .      SeeInvis .     - Unarmed
rCold   . . .      Faith    .   (no shield)
rNeg    . . .      Spirit   .   a - +0 robe
rPois   .          Reflect  .   (helmet currently unavailable)
rElec   +          Harm     .   (no cloak)
rCorr   .          Rampage  .   (no gloves)
Will    .....                   (boots currently unavailable)
Stlth   ++........              (no amulet)
HPRegen 0.16/turn               j - +4 ring of protection
MPRegen 0.12/turn               (no ring)

@: appendages, corroded
A: talons 2, antennae 1, yellow scales 1, demonic magic 1, agile 1, fire
resistance 1, electricity resistance
a: End Transformation, Renounce Religion, Minor Destruction


You were on level 4 of the Dungeon.
You worshipped Makhleb.
Makhleb was pleased with you.
You had temporarily grown beastly talons.
You visited 1 branch of the dungeon, and saw 4 of its levels.

You collected 206 gold pieces.

Inventory:

Armour
 a - a +0 robe (worn)
Jewellery
 j - a +4 ring of protection (left hand)
Wands
 n - a wand of mindburst (10)
Scrolls
 d - a scroll of blinking
 f - a scroll of noise
 i - 2 scrolls of fog
 l - 2 scrolls of teleportation
Potions
 b - a potion of lignification
 c - 6 potions of curing {unknown}
 e - 2 potions of might {unknown}
 g - 3 potions of brilliance {unknown}
 h - a potion of haste {unknown}
 k - 2 potions of heal wounds {unknown}
 m - 2 potions of degeneration {unknown}
 o - a potion of attraction {unknown}


   Skills:
 * Level 4.2 Fighting
 - Level 1.7 Dodging
 + Level 2.6 Stealth
 + Level 3.7 Unarmed Combat
 + Level 3.1 Spellcasting
 + Level 3.1 Transmutations


You had 10 spell levels left.
You knew the following spells:

 Your Spells              Type           Power      Damage    Failure   Level
a - Beastly Appendage     Tmut           22%        N/A       6%          1

Your spell library contained the following spells:

 Spells                   Type           Power      Damage    Failure   Level
 Wereblood                Tmut           11%        N/A       9%          2
 Poisonous Vapours        Pois/Air       4%         N/A       32%         2
 Sublimation of Blood     Necr           2%         N/A       32%         2
 Spider Form              Tmut/Pois      6%         N/A       32%         3
 Ice Form                 Ice/Tmut       6%         N/A       73%         4
 Corpse Rot               Necr/Pois/Air  2%         N/A       91%         4
 Summon Hydra             Summ           1%         N/A       100%        7


Dungeon Overview and Level Annotations

Branches:
Dungeon (4/15)
 Temple: D:4-7

Altars:
Elyvilon
Makhleb
Wu Jian
Zin

Shops:
D:4 (


Innate Abilities, Weirdness & Mutations

You have temporarily grown beastly talons.
You have a pair of small antennae on your head.
You are partially covered in yellow scales. (AC +2)
Spells you cast may paralyse adjacent enemies.
You are agile. (Dex +2)
Your flesh is heat resistant. (rF+)
You are resistant to electric shocks. (rElec)


Message History

You barely miss the jelly. You claw the jelly, but do no damage.
The jelly is lightly wounded.
The jelly closely misses you.
You hit the jelly but do no damage. The acid corrodes you!
Your hands burn!
You claw the jelly, but do no damage.
The jelly is lightly wounded.
You hit the jelly. The acid corrodes you!
Your hands burn!
The jelly is moderately wounded.
The jelly hits you. The acid corrodes you!
You are splashed with acid!
You are too injured to fight recklessly!
You are too injured to fight recklessly!
You are too injured to fight recklessly!
You are too injured to fight recklessly!
You are too injured to fight recklessly!
You are too injured to fight recklessly!
Casting: Beastly Appendage (safe; 6% risk of failure)
Confirm with . or Enter, or press ? or * to list all spells.
You extend your transformation's duration.
Malevolent energies surge around you.
The jelly suddenly stops moving!
The helpless jelly fails to defend itself.
You punch the jelly!
Your hands burn!
You claw the jelly, but do no damage.
The jelly is heavily wounded.
The helpless jelly fails to defend itself.
You hit the jelly.
Your hands burn!
The jelly is severely wounded.
The jelly is no longer paralysed.
The jelly misses you.
You hit the jelly but do no damage.
Your hands burn!
* * * LOW HITPOINT WARNING * * *
The jelly is severely wounded.
The jelly hits you.
* * * LOW HITPOINT WARNING * * *
You are splashed with acid!
* * * LOW HITPOINT WARNING * * *
Casting: Beastly Appendage (safe; 6% risk of failure)
Confirm with . or Enter, or press ? or * to list all spells.
You extend your transformation's duration.
Malevolent energies surge around you. The jelly hits you.
* * * LOW HITPOINT WARNING * * *
You are splashed with acid!
You die...

### ## #.. .# #.# # .####
#.# #######.#####
....####.###....@.......
.................J....!.
....###...#...####.#####
#...........#..# #.# ###
#....##...#....# #.# #..
#..#.###.###.#.# #.# #.#
#.. #..#.# #.# #.#.###(#
#.# #..#
#..#.###.###.#..##.###.##
#..#
####.#..................#
#..#


You could see a jelly.

Vanquished Creatures
  Menkaure (D:4)
  A phantom (D:4)
  A scorpion (D:4)
  A necrophage (D:4)
  Jessica (D:3)
  6 adders
  A worm (D:2)
  3 dart slugs
  5 orcs
  6 ball pythons
  3 bats
  4 endoplasms
  7 giant cockroaches
  8 hobgoblins
  A jackal (D:1)
  4 quokkas
  8 frilled lizards
  5 goblins
  3 kobolds (D:4)
  7 rats
76 creatures vanquished.

Notes
Turn   | Place    | Note
-------+----------+-------------------------------------------
     0 | D:1      | Hubjo the Demonspawn Transmuter began the quest for the
                  | Orb.
     0 | D:1      | Reached XP level 1. HP: 15/15 MP: 3/3
   231 | D:1      | You fall into a shaft and drop 1 floor!
   237 | D:2      | Gained mutation: You are partially covered in yellow
                  | scales. (AC +2) [demonic ancestry]
   237 | D:2      | Reached XP level 2. HP: 21/21 MP: 0/5
   649 | D:1      | Reached skill level 1 in Stealth
   654 | D:1      | Gained mutation: Spells you cast may paralyse adjacent
                  | enemies. [demonic ancestry]
   654 | D:1      | Reached XP level 3. HP: 18/27 MP: 6/6
   844 | D:1      | Found a faded altar of an unknown god.
   860 | D:1      | Prayed at the altar of an unknown god.
   860 | D:1      | Became a worshipper of Makhleb the Destroyer
   860 | D:1      | Reached * piety under Makhleb
  1594 | D:2      | Reached skill level 2 in Fighting
  2512 | D:3      | Reached XP level 4. HP: 33/33 MP: 5/7
  2812 | D:3      | Noticed Jessica
  2823 | D:3      | Killed Jessica
  2823 | D:3      | Reached ** piety under Makhleb
  3245 | D:3      | Gained mutation: You are agile. (Dex +2) [potion of
                  | mutation]
  3245 | D:3      | Gained mutation: You have hidden genetic potential. [potion
                  | of mutation]
  3313 | D:4      | Noticed Menkaure
  3322 | D:4      | Killed Menkaure
  3323 | D:4      | Reached skill level 3 in Fighting
  3323 | D:4      | Reached XP level 5. HP: 20/41 MP: 5/9
  3339 | D:4      | Gained mutation: Your flesh is heat resistant. (rF+)
                  | [hidden potential]
  3525 | D:4      | Found Valephe Ciask's Antique Weapon Emporium.
  3548 | D:4      | Lost mutation: You have a pair of horns on your head.
                  | [demonic ancestry]
  3548 | D:4      | Lost mutation: You have a pair of small horns on your head.
                  | [demonic ancestry]
  3548 | D:4      | Gained mutation: You have a pair of small antennae on your
                  | head. [demonic ancestry]
  3548 | D:4      | Reached XP level 6. HP: 46/48 MP: 8/10
  3750 | D:4      | Found an ornate altar of the Wu Jian Council.
  3902 | D:4      | Gained mutation: You are resistant to electric shocks.
                  | (rElec) [hidden potential]
  3902 | D:4      | Lost mutation: You have hidden genetic potential. [hidden
                  | potential expressed]
  3914 | D:4      | Identified the +8 quarterstaff of the Shouting Gods {elec,
                  | Str+2 Dex+2}
  3942 | D:4      | Reached skill level 4 in Fighting
  4085 | D:4      | Splashed by a jelly's acid

Illustrated notes

Levels and vault maps discovered:
D:1:      minmay_arrival_floating_metal, layout_basic,
          ebering_ecumenical_altar_abandoned, chequers_serial_rivers_marsh,
          minmay_close_crescents
D:2:      layout_loops_ring
D:3:      layout_loops_ring, feat_on_display, uniq_jessica
D:4:      layout_loops_ring, amcnicky_altar_gilded, mainiacjoe_overflow_catwalk,
          kennysheep_mini_moat, serial_shops, nicolae_shop_statue_plus,
          hangedman_abyss_or_decor_stagger, uniq_menkaure

Skill      XL: |  1  2  3  4  5  6 |
---------------+-------------------+-----
Transmutations | 2 3 |  3.1
Stealth        | 1 2 |  2.6
Fighting       | 2 3 4 |  4.2
Unarmed Combat | 3 |  3.7
Spellcasting   | 3 |  3.1
Dodging        | |  1.7

Action                   |  1- 3 |  4- 6 || total
-------------------------+-------+-------++-------
Melee: Unarmed           |    92 |   134 ||   226
       Headbutt          |    15 |    12 ||    27
       Kick              |    24 |    27 ||    51
       Punch             |     2 |     3 ||     5
 Cast: Beastly Appendage |    31 |    22 ||    53
Invok: Minor Destruction |       |     1 ||     1
  Use: Scroll            |     4 |     3 ||     7
       Potion            |       |     1 ||     1
 Stab: Paralysed         |       |     4 ||     4
       Sleeping          |       |     3 ||     3
Armor: Robe              |    17 |    51 ||    68
Dodge: Dodged            |    51 |    61 ||   112

Table legend: (Time is in decaauts)
 A = Elapsed time spent in this place.
 B = Non-inter-level travel time spent in this place.
 C = Inter-level travel time spent in this place.
 D = Time resting spent in this place.
 E = Time spent auto-exploring this place.
 F = Levels seen in this place.
 G = Mean time per level.
                   A        B        C        D        E       F      G
               +--------+--------+--------+--------+--------+-----+--------+
         Total |   4099 |   4011 |     88 |    224 |   3207 |   4 | 1024.8 |
       Dungeon |   4099 |   4011 |     88 |    224 |   3207 |   4 | 1024.8 |
               +--------+--------+--------+--------+--------+-----+--------+

Top non-repeatable levels by time:
     D:2: 1274 daAuts
     D:1: 1215 daAuts
     D:4: 830 daAuts
     D:3: 778 daAuts
